 Dungeon Crawl Stone Soup version 0.29.1-1-gd02db6906a (webtiles) character file.

Game seed: 5898598739421032329

66 leavemydog the Conjurer (level 3, -4/19 HPs)
             Began as a Deep Elf Conjurer on Sept 21, 2022.
             Slain by a scorpion (6 damage)
             ... on level 3 of the Dungeon.
             The game lasted 00:02:16 (1760 turns).

leavemydog the Conjurer (Deep Elf Conjurer)         Turns: 1760, Time: 00:02:17

Health: -4/19      AC:  3    Str:  4    XL:     3   Next: 96%
Magic:  10/10      EV: 13    Int: 24    God:
Gold:   122        SH:  0    Dex: 19    Spells: 6/9 levels left

rFire   + . .      SeeInvis .   d - +0 short sword
rCold   . . .      Faith    .   (no shield)
rNeg    . . .      Spirit   .   a - +0 robe
rPois   .          Reflect  .   (no helmet)
rElec   .          Harm     .   (no cloak)
rCorr   .          Rampage  .   f - +0 pair of gloves
Will    .....                   (no boots)
Stlth   +.........              (no amulet)
HPRegen 0.06/turn               i - ring of protection from fire
MPRegen 0.12/turn               j - +6 ring of dexterity

@: confused, mighty, lethally poisoned (-4 -> -12), ambrosia-drunk
A: no striking features
a: no special abilities


You were on level 3 of the Dungeon.
You visited 1 branch of the dungeon, and saw 3 of its levels.

You collected 122 gold pieces.

Inventory:

Hand Weapons
 d - a +0 short sword (weapon)
Armour
 a - a +0 robe (worn)
 f - a +0 pair of gloves (worn)
Jewellery
 i - a ring of protection from fire (left hand)
 j - a +6 ring of dexterity (right hand)
Scrolls
 c - a scroll of summoning {unknown}
 g - 3 scrolls of identify {unknown}


   Skills:
 - Level 2.4 Dodging
 - Level 2.4 Stealth
 + Level 3.5 Spellcasting
 + Level 5.9 Conjurations


You had 6 spell levels left.
You knew the following spells:

 Your Spells              Type           Power      Damage    Failure   Level
a - Magic Dart            Conj           100%       1d8       1%          1
b - Searing Ray           Conj           64%        2d6       1%          2

Your spell library contained the following spells:

 Spells                   Type           Power      Damage    Failure   Level
 Dazzling Flash           Conj/Hex       36%        N/A       9%          3
 Fulminant Prism          Conj/Hex       9%         3d7       30%         4
 Iskenderun's Mystic Bla  Conj/Tloc      18%        2d6       30%         4
 Fireball                 Conj/Fire      9%         3d6       63%         5
 Starburst                Conj/Fire      9%         6d5       99%         6
 Ignition                 Fire           2%         3d3       100%        8


Dungeon Overview and Level Annotations

Branches:
Dungeon (3/15)

Altars:

Shops:
D:1 (


Message History

The scorpion is severely wounded. (Press . to maintain the ray.)
You feel very sick. The scorpion stings you.
* * * LOW HITPOINT WARNING * * *
The scorpion stings you.
* * * LOW HITPOINT WARNING * * *
It was a potion of might.
You feel very mighty all of a sudden.
* * * LOW HITPOINT WARNING * * *
You feel sick.
The scorpion stings you but does no damage.
It was a potion of ambrosia.
You are confused.
You feel invigorated.
* * * LOW HITPOINT WARNING * * *
You feel sick. The scorpion stings you.
* * * LOW HITPOINT WARNING * * *
* * * LOW HITPOINT WARNING * * *
You feel sick.
You feel sick. The scorpion stings you.
* * * LOW HITPOINT WARNING * * *
You feel sick. The scorpion stings you.
* * * LOW HITPOINT WARNING * * *
The scorpion barely misses you.
You feel sick.
A goblin comes into view. It is wielding a +0 club.
Found a chain mail.
Found a stone staircase leading up.
You feel sick.
You are no longer poisoned.
The scorpion stings you.
* * * LOW HITPOINT WARNING * * *
You are lethally poisoned!
The scorpion poisons you!
You hit the scorpion.
The scorpion is almost dead.
* * * LOW HITPOINT WARNING * * *
You feel very sick.
The goblin shouts!
The scorpion stings you.
You die...

...........#.......
<..........#............
.........#..............
...........<............
.....†.................g
..................#.#...
..†....................[
.....................#..
........####....@......<
........#####..s........
..........###...........
####....#...............
##............#......
#............#......
............)..#..##..
##................. #.
.....#............


You could see a scorpion and a goblin.

Vanquished Creatures
  2 adders (D:3)
  A worm (D:2)
  6 endoplasms
  6 giant cockroaches
  5 goblins
  2 hobgoblins
  5 ball pythons
  3 bats
  3 frilled lizards
  5 kobolds
  4 rats
42 creatures vanquished.

Notes
Turn   | Place    | Note
-------+----------+-------------------------------------------
     0 | D:1      | leavemydog the Deep Elf Conjurer began the quest for the
                  | Orb.
     0 | D:1      | Reached XP level 1. HP: 10/10 MP: 6/6
   364 | D:1      | Reached XP level 2. HP: 15/15 MP: 5/8
   367 | D:1      | Learned a level 2 spell: Searing Ray
   389 | D:1      | Found a faded altar of an unknown god.
   509 | D:1      | Reached skill level 5 in Conjurations
   623 | D:1      | Found Liqeup's Weapon Shop.
  1065 | D:2      | Reached XP level 3. HP: 19/19 MP: 4/9
  1742 | D:3      | Noticed a scorpion
  1760 | D:3      | Slain by a scorpion

Illustrated notes

Levels and vault maps discovered:
D:1:      lemuel_arrival_cross, layout_loops_cross,
          shapermc_ecumenical_altar_notcrosses, serial_shops,
          nicolae_shop_bloodbath_and_beyond, minmay_misc_feat_roman
D:2:      layout_rooms
D:3:      layout_rooms

Skill      XL: |  1  2 |
---------------+-------+-----
Conjurations   | 5 |  5.9
Dodging        | |  2.4
Stealth        | |  2.4
Spellcasting   | |  3.5

Action                   || total
-------------------------++-------
Melee: Short sword       ||     1
 Cast: Magic Dart        ||    66
       Searing Ray       ||     3
  Use: Potion            ||     4
Armor: Robe              ||     3
Dodge: Dodged            ||     6
